AoeStats
← 喷子的DOTA2

MegaRandom

510524731Analyzed
4v4 RM · 1d ago on Oct 1, 2026· 43m 19s· 8 players
Game mode
Random Map
Map size
Large (8 player)
Population
200
Speed
Normal
Resources
Standard
Victory
Conquest
Starting age
Dark Age
Ending age
Imperial Age
RankedLock teamsTeams togetherTeam positionsShared explorationLock speedFull tech treeHidden civsTurbo modeCheats
Victory
Defeat
🇪🇸 Lithuanians · Spain
914
+12
🇨🇳 Bengalis · China
850
+38
🇮🇳 Teutons · India
832
+15
🇨🇳 Celts · China
786
+17
🇩🇪 Saxons · Germany
909
-18
🇦🇺 Danes · Australia
811
-14
🇦🇷 Vikings · Argentina
771
-13
🇪🇸 Spanish · Spain
768
-13
gabrissss
6:52 Loom
10:13 Feudal Age
15:19 Castle Age
13:31 Double-Bit Axe
13:31 Horse Collar
14:29 Gold Mining
16:57 Scale Barding Armor
18:35 Forging
28:00 Bow Saw
27:52 Crossbowman
31:09 Thumb Ring
33:26 Elite Skirmisher
38:51 Imperial Age
36:57 Wheelbarrow
36:37 Fletching
36:47 Padded Archer Armor
37:14 Ballistics
38:57 Murder Holes
39:48 Bodkin Arrow
40:09 Leather Archer Armor
喷子的DOTA2
5:50 Loom
12:08 Feudal Age
13:46 Wheelbarrow
12:54 Horse Collar
13:03 Double-Bit Axe
18:07 Gold Mining
20:54 Castle Age
21:45 Heavy Plow
22:01 Bow Saw
21:53 Caravan
21:22 Crossbowman
22:25 Stone Mining
24:27 Hand Cart
27:10 Murder Holes
27:28 Fortified Wall
27:15 Elite Skirmisher
36:40 Imperial Age
haodeheng
1:06 Loom
10:56 Feudal Age
18:05 Castle Age
18:44 Double-Bit Axe
19:50 Bow Saw
21:58 Pikeman
22:07 Man-at-Arms
24:40 Horse Collar
25:38 Stronghold
27:11 Heavy Plow
27:04 Gold Mining
28:21 Stone Mining
29:10 Gold Shaft Mining
28:58 Caravan
32:02 Forging
32:16 Long Swordsman
35:58 Imperial Age
35:10 Stone Shaft Mining
36:19 Halberdier
36:34 Two-Handed Swordsman
38:11 Furor Celtica
39:25 Iron Casting
38:51 Scale Mail Armor
38:47 Champion
41:04 Conscription
42:47 Wheelbarrow
vinsin4105
0:54 Loom
10:42 Feudal Age
17:25 Castle Age
15:46 Double-Bit Axe
16:55 Horse Collar
25:13 Wheelbarrow
28:24 Imperial Age
26:14 Town Watch
26:22 Fletching
26:56 Bow Saw
27:31 Masonry
28:04 Bodkin Arrow
29:17 Hand Cart
30:17 Chemistry
30:29 Conscription
32:27 Ironclad
33:21 Crenellations
33:39 Hoardings
36:15 Siege Engineers
35:56 Arrowslits
36:32 Ballistics
36:27 Heavy Scorpion
43:35 Town Patrol
TerciosBlanquiazules
5:45 Loom
9:40 Feudal Age
17:46 Castle Age
19:32 Double-Bit Axe
19:31 Horse Collar
29:25 Imperial Age
32:50 Forging
32:46 Scale Barding Armor
33:10 Cavalier
33:52 Husbandry
TTVBrophetLIVE
10:38 Feudal Age
12:25 Horse Collar
18:27 Castle Age
17:22 Double-Bit Axe
19:10 Wheelbarrow
19:21 Heavy Plow
22:40 Crossbowman
24:08 Fletching
24:53 Hand Cart
25:42 Thumb Ring
27:06 Loom
27:39 Bodkin Arrow
28:38 Stone Mining
28:39 Gold Mining
30:33 Forging
30:23 Scale Mail Armor
30:24 Padded Archer Armor
30:38 Bow Saw
33:46 Imperial Age
31:43 Squires
31:28 Gambesons
31:29 Arson
33:27 Ballistics
33:03 Murder Holes
33:19 Masonry
34:19 Chain Mail Armor
34:39 Iron Casting
33:49 Arbalester
35:17 Conscription
36:02 Gold Shaft Mining
36:35 Chemistry
36:18 Bracer
38:08 Plate Mail Armor
38:09 Elite Varangian Guard
39:49 Shield Wall
Cow
3:21 Loom
9:58 Feudal Age
10:27 Double-Bit Axe
12:42 Horse Collar
13:46 Stone Mining
15:12 Wheelbarrow
15:15 Fishing Lines
20:47 Castle Age
19:08 Fletching
19:20 Scale Mail Armor
19:28 Gold Mining
21:02 Arson
21:50 Squires
23:03 Gold Shaft Mining
22:44 Gambesons
23:02 Gillnets
23:47 Bow Saw
25:39 Hamask
26:43 Forging
27:16 Bodkin Arrow
27:41 Pikeman
30:05 Husbandry
30:16 Bloodlines
33:12 Imperial Age
31:58 Caravan
32:46 Thumb Ring
32:46 Padded Archer Armor
32:53 Scale Barding Armor
33:55 Bracer
35:03 Conscription
34:12 Cranequins
34:43 Halberdier
37:04 Chain Mail Armor
37:25 Heavy Mounted Crossbowman
41:23 Chain Barding Armor
41:19 Leather Archer Armor
41:41 Iron Casting
42:15 Elite Varangian Guard
nahuelbasylkiv
14:50 Feudal Age
13:50 Loom
16:10 Horse Collar
17:33 Double-Bit Axe
17:55 Man-at-Arms
18:21 Arson
30:07 Castle Age
28:26 Town Watch
Connection lost

Rejoining the realm…

Still unreachable

The connection could not be restored.

Session expired

The server has moved on; the page needs a fresh start.